AoeStats
← tbzachary

Arena

508152809Analyzed
2v2 RM · 13d ago on Sep 21, 2026· 48m 14s· 4 players
Game mode
Random Map
Map size
Medium (4 player)
Population
200
Speed
Normal
Resources
Standard
Victory
Conquest
Starting age
Dark Age
Ending age
Imperial Age
RankedLock teamsTeams togetherTeam positionsShared explorationLock speedFull tech treeHidden civsTurbo modeCheats
Victory
Defeat
🇵🇪 Bohemians · Peru
999
+11
🇨🇴 Celts · Colombia
978
+12
🇬🇧 Armenians · United Kingdom
932
-13
🇺🇸 Mongols · United States
851
-10
The Invisible Man
8:12 Loom
10:19 Feudal Age
15:32 Castle Age
14:49 Double-Bit Axe
17:46 Pikeman
20:25 Redemption
20:44 Town Watch
21:37 Wheelbarrow
24:38 Horse Collar
25:38 Man-at-Arms
26:04 Gambesons
28:04 Long Swordsman
28:58 Forging
28:51 Scale Mail Armor
29:22 Gold Mining
30:25 Forging
29:47 Two-Handed Swordsman
31:16 Chain Mail Armor
32:09 Iron Casting
38:07 Imperial Age
35:53 Hand Cart
35:19 Champion
36:00 Squires
37:13 Fervor
39:21 Heavy Plow
39:35 Bow Saw
40:01 Gold Shaft Mining
39:16 Stone Mining
41:28 Blast Furnace
40:59 Plate Mail Armor
41:53 Block Printing
42:24 Theocracy
42:15 Sanctity
42:25 Illumination
44:25 Town Patrol
tbzachary
6:27 Loom
10:16 Feudal Age
11:56 Double-Bit Axe
17:05 Castle Age
16:32 Horse Collar
18:11 Padded Archer Armor
18:02 Fletching
19:37 Town Watch
20:14 Leather Archer Armor
19:54 Bodkin Arrow
20:35 Gold Mining
25:44 Heavy Plow
25:56 Scale Barding Armor
27:05 Bow Saw
28:12 Forging
31:04 Bloodlines
35:25 Bodkin Arrow
36:07 Iron Casting
36:12 Husbandry
38:47 Light Cavalry
39:55 Chain Barding Armor
46:17 Imperial Age
ginei
11:20 Feudal Age
15:45 Castle Age
14:18 Double-Bit Axe
15:01 Stone Mining
15:01 Horse Collar
18:01 Loom
19:57 Wheelbarrow
20:36 Town Watch
23:58 Hand Cart
24:24 Bow Saw
25:37 Murder Holes
25:57 Pikeman
28:00 Heavy Plow
30:00 Forging
29:50 Scale Mail Armor
35:26 Imperial Age
35:34 Stronghold
35:46 Gold Mining
36:32 Stone Shaft Mining
35:38 Capped Ram
35:40 Heavy Scorpion
36:48 Conscription
37:17 Chain Mail Armor
36:33 Siege Ram
37:20 Fletching
38:47 Chemistry
39:20 Plate Mail Armor
40:35 Iron Casting
41:03 Bodkin Arrow
40:31 Halberdier
40:55 Elite Woad Raider
42:56 Devotion
44:21 Blast Furnace
44:15 Faith
44:45 Furor Celtica
48:44 Scale Barding Armor
48:48 Siege Engineers
48:55 Masonry
49:22 Hoardings
Woz
10:14 Feudal Age
11:23 Loom
16:18 Castle Age
14:22 Double-Bit Axe
15:02 Horse Collar
19:01 Wheelbarrow
18:11 Town Watch
23:06 Bow Saw
24:44 Padded Archer Armor
28:55 Chemistry
31:25 Imperial Age
30:14 Wagenburg Tactics
31:23 Hand Cart
30:53 Town Watch
31:11 Heavy Plow
32:33 Conscription
33:57 Two-Man Saw
33:23 Fletching
33:31 Elite Hussite Wagon
34:28 Town Patrol
36:10 Ballistics
36:43 Leather Archer Armor
36:23 Bodkin Arrow
37:25 Murder Holes
37:10 Treadmill Crane
39:48 Devotion
40:40 Masonry
40:21 Guard Tower
42:28 Faith
43:53 Heresy
46:46 Architecture
46:22 Siege Engineers
46:28 Fortified Wall
46:53 Keep
47:10 Fervor
47:42 Bracer
48:13 Ring Archer Armor
Connection lost

Rejoining the realm…

Still unreachable

The connection could not be restored.

Session expired

The server has moved on; the page needs a fresh start.